 Dungeon Crawl Stone Soup version 0.28.0 (webtiles) character file.

Game seed: 1892953831097660592

34 danielguo94 the Skirmisher (level 3, 0/24 HPs)
             Began as a Gargoyle Fighter on Feb 6, 2022.
             Killed from afar by Sigmund (9 damage)
             ... with a magic dart
             ... on level 2 of the Dungeon.
             The game lasted 00:01:44 (899 turns).

danielguo94 the Skirmisher (Gargoyle Fighter)        Turns: 899, Time: 00:01:44

Health: 0/24       AC: 10    Str: 21    XL:     3   Next: 31%
Magic:  3/3        EV:  9    Int:  8    God:
Gold:   47         SH:  0    Dex:  9    Spells: 2/2 levels left

rFire   . . .      SeeInvis .   a - +0 flail
rCold   . . .      Faith    .   c - +0 buckler
rNeg    + . .      Spirit   .   b - +0 scale mail
rPois   ∞          Reflect  +   (no helmet)
rElec   +          Harm     .   (no cloak)
rCorr   .          Rampage  .   (no gloves)
Will    .....                   (no boots)
Stlth   ..........              g - amulet of reflection
HPRegen 0.08/turn               (no ring)
MPRegen 0.08/turn               (no ring)

@: confused, mighty
A: sickness immunity, AC +3, negative energy resistance 1, electricity
resistance, torment resistance 1, petrification resistance
a: no special abilities


You were on level 2 of the Dungeon.
You visited 1 branch of the dungeon, and saw 2 of its levels.

You collected 47 gold pieces.

Inventory:

Hand Weapons
 a - a +0 flail (weapon)
Missiles
 f - 36 stones (quivered)
 l - 5 atropa-tipped darts
Armour
 b - a +0 scale mail (worn)
 c - a +0 buckler (worn)
Jewellery
 g - an amulet of reflection (around neck)
 j - a ring of fire
Wands
 k - a wand of iceblast (6)
Scrolls
 e - 2 scrolls of vulnerability {unknown}
 h - a scroll of identify {unknown}
 i - a scroll of amnesia {unknown}
Potions
 m - a potion of curing {unknown}


   Skills:
 + Level 3.7 Fighting
 * Level 2.7 Maces & Flails
 + Level 3.6 Armour
 + Level 3.5 Shields


You had 2 spell levels left.
You didn't know any spells.
Your spell library contained the following spells:

 Spells                   Type           Power      Damage    Failure   Level
 Animate Dead             Necr           0%         N/A       100%        4
 Haunt                    Necr/Summ      0%         N/A       100%        7
 Infestation              Necr           0%         N/A       100%        8


Dungeon Overview and Level Annotations

Branches:
Dungeon (2/15)

Altars:

Shops:
D:2 (

Annotations:
D:2 Sigmund


Innate Abilities, Weirdness & Mutations

You are immune to sickness and miasma.
Your stone body is resilient. (AC +3)
You are immune to poison.
You resist negative energy. (rN+)
You are resistant to electric shocks. (rElec)
You are resistant to unholy torment.
You are immune to petrification.


Message History

You are more confused.
You are more confused.
You bump into the rock wall.
You bump into the rock wall.
You are more confused.
You bump into the rock wall.
A puff of flame appears from out of thin air!
The puff of flame hits you but does no damage.
You bump into the rock wall.
Something tries to affect you, but you resist.
You bump into the rock wall.
You bump into the rock wall.
Something hits you!
You feel very mighty all of a sudden.
You bump into the rock wall.
Something hits you but does no damage.
You bump into the rock wall.
Something hits you but does no damage.
You bump into the rock wall.
You bump into the rock wall.
Something completely misses you.
You hear some strange, mumbled words.
A magic dart appears from out of thin air!
The magic dart hits you but does no damage.
You're too confused to move!
Something hits you.
You bump into the rock wall.
Something hits you but does no damage. Something completely misses you.
You miss something. Something hits you!
You bump into the rock wall.
You feel less confused.
You miss something.
You hear some strange, mumbled words.
Something tries to affect you, but you resist.
You barely miss something.
You hear some strange, mumbled words.
You are confused.
You hear some strange, mumbled words.
Something tries to affect you, but you resist.
You're too confused to move!
You hear some strange, mumbled words.
A magic dart appears from out of thin air!
The magic dart hits you!
You die...

#.. ..# .( .. .. .. ###
.#. #.. ... # #.# #.#
#.#.# #.#
#.#.########.##.#...
#.......@{..........
######.#########.#.#...
#...##...# .# ..
###...####.# .# ##
#.......##.###### .#
#...†..........## .#
#.......##.##..#∩+.#
###...####.# .######
#...# #.# ##...


There were no monsters in sight!

Vanquished Creatures
  3 endoplasms
  A giant cockroach (D:1)
  4 goblins
  3 hobgoblins
  4 jackals (D:2)
  2 kobolds (D:1)
  3 quokkas (D:1)
  A ball python (D:2)
  4 bats
  2 frilled lizards (D:1)
  2 rats
29 creatures vanquished.

Notes
Turn   | Place    | Note
-------+----------+-------------------------------------------
     0 | D:1      | danielguo94 the Gargoyle Fighter began the quest for the
                  | Orb.
     0 | D:1      | Reached XP level 1. HP: 14/14 MP: 1/1
    57 | D:1      | Reached XP level 2. HP: 14/19 MP: 2/2
   158 | D:1      | You fall into a shaft and drop 1 floor!
   489 | D:1      | Found a faded altar of an unknown god.
   662 | D:1      | Reached XP level 3. HP: 24/24 MP: 3/3
   854 | D:2      | Found Oluepn's Antique Weapon Boutique.
   869 | D:2      | Noticed Sigmund
   899 | D:2      | Killed from afar by Sigmund

Illustrated notes

Levels and vault maps discovered:
D:1:      amcnicky_arrival_wind_blow, layout_loops_ring, basic_ecumenical_altar
D:2:      layout_loops_ring, serial_shops, nicolae_shop_window_shopping,
          minmay_pentomino_w2, uniq_sigmund

Action                   || total
-------------------------++-------
Melee: Flail             ||    80
  Use: Potion            ||     1
Armor: Scale mail        ||    44
Dodge: Dodged            ||    31
Block: Buckler           ||    27
